 Dungeon Crawl Stone Soup version 0.20.1-1-g8b1a95d (webtiles) character file.

85 digijack the Skirmisher (level 4, -18/35 HPs)
             Began as a Barachi Wanderer on Jan 1, 2018.
             Was a Follower of Zin.
             Killed from afar by hilaritas's ghost (24 damage)
             ... with an orb of energy
             ... on level 3 of the Dungeon.
             The game lasted 00:17:30 (1383 turns).

digijack the Skirmisher (Barachi Wanderer)          Turns: 1383, Time: 00:17:31

Health: -18/35     AC: 11    Str: 14    XL:     4   Next: 48%
Magic:  4/4        EV: 10    Int: 12    God:    Zin [*.....]
Gold:   86         SH:  0    Dex: 10    Spells: 3/3 levels left

rFire    . . .     SeeInvis .   b - +1 falchion
rCold    . . .     Gourm    .   (no shield)
rNeg     . . .     Faith    .   a - +3 scale mail
rPois    .         Spirit   .   (no helmet)
rElec    .         Reflect  .   (no cloak)
rCorr    .         Harm     .   (no gloves)
MR       .....                  e - +0 pair of boots
Stlth    ..........             (no amulet)
Regen    0.2/turn               (no ring)
MPRegen  0.1/turn               (no ring)

@: can't hop, slow
A: +LOS, swims, claws 1, dopey 1, slowness 1, strong legs 1
a: Hop, Recite, Donate Gold, Renounce Religion


You were on level 3 of the Dungeon.
You worshipped Zin.
Zin was aware of your devotion.
You were hungry.

You visited 1 branch of the dungeon, and saw 3 of its levels.

You collected 135 gold pieces.
You donated 49 gold pieces to Zin.

Inventory:

Hand Weapons
 b - a +1 falchion (weapon)
Armour
 a - a +3 scale mail (worn)
 e - a +0 pair of boots (worn)
Scrolls
 g - 2 scrolls of identify
 k - a scroll of remove curse
Potions
 c - 2 potions of curing
 l - a potion of brilliance
Comestibles
 d - 2 bread rations
 f - 6 chunks of flesh
 h - 2 meat rations
 i - 4 fruits
 j - a royal jelly


   Skills:
 + Level 3.4 Fighting
 + Level 2.6 Long Blades
   Level 1.1 Maces & Flails
 - Level 1.0 Throwing
 + Level 3.2 Armour
 + Level 3.2 Dodging
   Level 1.1 Evocations


You had 3 spell levels left.
You didn't know any spells.

Dungeon Overview and Level Annotations

Branches:
Dungeon (3/15)

Altars:
Zin

Annotations:
D:3 hilaritas's ghost, amateur DECj


Innate Abilities, Weirdness & Mutations

Shadows flee at your approach. (+LOS)
You can swim through water.
You cover ground slowly.
You can hop short distances.
You have sharp fingernails.
You are dopey. (Int -2)


Message History

The magic dart hits you!
* * * LOW HITPOINT WARNING * * *
Hilaritas's ghost casts a spell at you. The magic dart hits you!
Firing (i - inventory): No suitable missiles.
Press: ? - help, Shift-Dir - straight line, f - hilaritas's ghost
Aim: hilaritas's ghost (severely damaged)
Okay, then.
Hop to where?
Press: ? - help, Dir - move target cursor Boing!
You closely miss hilaritas's ghost.
Hilaritas's ghost is severely damaged.
Hilaritas's ghost barely misses you.
You hit hilaritas's ghost.
Hilaritas's ghost is almost destroyed.
Hilaritas's ghost gestures at you while chanting.
The orb of energy hits you!
Ouch! That really hurt!
You die...

#..######.#############
#.............÷(.......
#....#..#####..###>####
####.#.## ##.###.###
#......# #####<......#
#.##.#.###...>.......#
#. #.#..##.....###.#.#
#. #...#.#....... .. #.
###.@##.....##.. ...
#.####.W##.....# ## #.
#....§..######..
#######.# #.. #.# ####
#.# ... ... ..#W


You could see hilaritas's ghost.

Vanquished Creatures
  2 adders (D:2)
  A gnoll (D:1)
  An ooze (D:1)
  A worm (D:2)
  4 dart slugs
  2 leopard geckos
  3 giant cockroaches
  2 goblins (D:1)
  6 hobgoblins
  2 quokkas (D:2)
  6 bats
  5 frilled lizards
  3 kobolds
  3 rats (D:1)
41 creatures vanquished.

Notes
Turn   | Place    | Note
-------+----------+-------------------------------------------
     0 | D:1      | digijack the Barachi Wanderer began the quest for the Orb.
     0 | D:1      | digijack set off with: a +2 scale mail, a +0 falchion, a potion of curing, a bread ration
     0 | D:1      | Reached XP level 1. HP: 17/17 MP: 1/1
   120 | D:1      | Gained mutation: You are dopey. (Int -2) [potion of mutation]
   120 | D:1      | Gained mutation: You have sharp fingernails. [potion of mutation]
   144 | D:1      | Reached XP level 2. HP: 22/23 MP: 2/2
   220 | D:1      | Reached XP level 3. HP: 14/28 MP: 3/3
   764 | D:2      | Found a glowing silver altar of Zin.
   770 | D:2      | Became a worshipper of Zin the Law-Giver
   771 | D:2      | Donated 36 gold pieces to Zin
   845 | D:2      | Reached * piety under Zin
  1085 | D:2      | Reached XP level 4. HP: 35/35 MP: 4/4
  1357 | D:3      | Noticed hilaritas's ghost (amateur DECj)
  1383 | D:3      | Killed from afar by hilaritas's ghost

Skill      XL: |  1  2  3 |
---------------+----------+-----
Long Blades    | 2 |  2.6
Fighting       | 3 |  3.4
Armour         | 3 |  3.2
Dodging        | 3 |  3.2
Maces & Flails | |  1.1
Throwing       | |  1.0
Evocations     | |  1.1

Action                   |  1- 3 |  4- 6 || total
-------------------------+-------+-------++-------
Melee: Falchion          |    95 |    65 ||   160
Invok: Donate Gold       |     1 |       ||     1
 Abil: Hop               |     1 |     1 ||     2
  Use: Scroll            |     6 |     2 ||     8
       Potion            |     4 |       ||     4
  Eat: Chunk             |     1 |     1 ||     2
Armor: Scale mail        |    51 |    28 ||    79
Dodge: Dodged            |    53 |    43 ||    96
       Rpst.: Falchion   |    25 |    13 ||    38
